Map: 国王藏宝地-天梯版

Players

puCK (Nina) - Winner!

  • Race: Protoss Protoss

Crimson

  • Race: Zerg Zerg
  • League: Master

Event: WESG 2018 Grand Finals

VOD

Have the link to the VOD?

Description

Time

  • Played on: March 11, 2019, 6 a.m.
  • Length: 11:03

All games in this series

Show
View Real Time Build Order
Export as new Build Order

puCK Protoss - Winner!

Build Orders: 1 Gate Expand, Oracle Opening 

Get SALT Encoding   

  12  0:00  Probe  
  13  0:12  Probe  
  14  0:19  Pylon  
  14  0:24  Probe  
  15  0:37  Probe  
  16  0:43  Gateway  
  16  0:47  Probe  
  16  0:54  Assimilator  
  16  0:55  Probe  
  18  1:05  Pylon  
  18  1:07  Probe  
  19  1:19  Probe  
  20  1:36  Nexus  
  20  1:47  Cybernetics Core  
  20  1:50  Probe  
  21  1:57  Assimilator  
  21  2:02  Probe  
  21  2:06  Pylon  
  22  2:14  Probe  
  23  2:19  Assimilator  
  23  2:33  Pylon  
  23  2:38  Adept  
  23  2:40  Stargate  
  23  2:47  Probe  
  23  2:48  Probe  
  27  2:55  Probe, Warp Gate  
  27  3:00  Probe  
  27  3:04  Probe  
  29  3:08  Probe  
  29  3:09  Adept  
  33  3:16  Probe x2  
  34  3:21  Oracle  
  34  3:27  Pylon  
  38  3:28  Probe  
  38  3:29  Probe  
  40  3:39  Pylon  
  40  3:40  Probe  
  41  3:41  Probe  
  41  3:43  Adept  
  44  3:52  Probe  
  44  3:55  Probe  
  46  3:56  Gateway  
  46  3:59  Gateway  
  46  4:00  Oracle  
  46  4:06  Probe  
  46  4:08  Probe  
  51  4:18  Probe  
  51  4:20  Probe  
  53  4:30  Nexus  
  53  4:31  Probe  
  51  4:33  Oracle  
  51  4:34  Probe  
  51  4:36  Assimilator  
  52  4:39  Assimilator  
  52  4:40  Pylon  
  52  4:45  Probe  
  56  4:49  Pylon  
  56  4:55  Adept x2  
  56  4:58  Adept  
  62  5:00  Probe  
  62  5:03  Probe  
  64  5:09  Shield Battery  
  64  5:12  Probe  
  65  5:15  Probe  
  65  5:17  Robotics Facility  
  65  5:20  Robotics Facility  
  66  5:24  Probe  
  66  5:27  Probe  
  68  5:36  Probe  
  68  5:39  Probe  
  68  5:40  Phoenix  
  68  5:42  Probe  
  73  5:45  Gateway  
  73  5:47  Gateway  
  73  5:48  Sentry  
  73  5:49  Probe  
  76  5:54  Probe  
  76  5:55  Gateway  
  77  5:57  Twilight Council  
  77  6:02  Probe  
  77  6:03  Probe, Immortal  
  78  6:04  Adept  
  78  6:08  Probe  
  81  6:14  Probe  
  81  6:15  Probe  
  86  6:18  Immortal  
  86  6:20  Probe  
  87  6:26  Probe  
  88  6:35  Probe  
  88  6:38  Stalker  
  88  6:39  Stalker  
  93  6:42  Pylon  
  93  6:54  Probe x2  
  93  6:55  Probe  
  93  6:58  Sentry  
  91  7:03  Zealot x3  
  91  7:04  Zealot x2  
  91  7:06  Probe  
  93  7:16  Probe, Immortal  
  93  7:21  Immortal  
  101  7:27  Zealot x3  
  97  7:30  Sentry x2  
  98  7:37  Pylon  
  98  7:39  Pylon  
  98  7:40  Zealot  
  98  7:41  Pylon  
  83  7:51  Sentry x2  
  83  7:52  Sentry  
  83  7:53  Zealot x2  
  89  8:00  Zealot  
  89  8:07  Immortal  
  89  8:08  Immortal  
  97  8:16  Sentry x2  
  97  8:17  Sentry  
  100  8:31  Pylon  
  100  8:32  Pylon  
  96  8:36  Probe  
  93  8:46  Probe  
  93  8:48  Observer  
  94  8:55  Probe  
  96  8:58  Charge  
  96  9:00  Forge  
  96  9:01  Templar Archives  
  96  9:02  Probe  
  97  9:07  Probe  
  97  9:08  Warp Prism  
  97  9:09  Nexus  
  98  9:10  Pylon  
  98  9:14  Pylon  
  98  9:17  Sentry x3  
  102  9:20  Probe  
  107  9:38  Pylon  
  107  9:39  Pylon, Psionic Storm  
  107  9:43  Gateway  
  107  9:49  Zealot x2  
  111  9:53  Zealot  
  111  9:56  Probe  
  111  9:57  Probe  
  115  10:04  Shield Battery  
  115  10:08  Zealot  
  115  10:10  High Templar x2  
  121  10:15  Probe  
  121  10:16  High Templar  
  124  10:21  Probe  
  124  10:27  Probe, Gateway  
  125  10:33  Probe  
  124  10:49  Zealot x4  
Show
View Real Time Build Order
Export as new Build Order

Crimson Zerg 

Build Orders: Pool First 

Get SALT Encoding   

  12  0:00  Drone  
  13  0:12  Overlord  
  13  0:18  Drone  
  14  0:31  Drone x2  
  17  0:50  Drone  
  17  1:00  Extractor  
  17  1:01  Spawning Pool, Drone x2  
  17  1:07  Drone  
  18  1:26  Drone  
  18  1:29  Overlord  
  19  1:41  Drone  
  20  1:47  Queen  
  20  1:50  Zergling x2  
  23  2:00  Zergling x2  
  24  2:02  Metabolic Boost  
  24  2:15  Drone  
  25  2:20  Hatchery  
  24  2:23  Drone  
  24  2:28  Hatchery  
  24  2:35  Drone  
  25  2:44  Overlord  
  25  2:58  Queen  
  25  3:01  Overlord  
  25  3:02  Drone x3  
  30  3:08  Drone  
  31  3:20  Drone  
  32  3:28  Drone  
  32  3:32  Drone x2  
  32  3:33  Drone x2  
  37  3:37  Queen  
  37  3:40  Drone  
  40  3:44  Spore Crawler  
  40  3:48  Spore Crawler  
  38  3:55  Evolution Chamber  
  37  3:57  Spore Crawler, Drone  
  37  4:01  Zergling x2  
  37  4:02  Zergling x2  
  39  4:06  Zergling x2  
  40  4:11  Drone x3  
  40  4:13  Drone  
  44  4:19  Drone  
  45  4:27  Drone  
  45  4:29  Drone x3  
  51  4:33  Zerg Melee Weapons Level 1  
  51  4:34  Lair  
  49  4:39  Overlord  
  49  4:43  Drone x3  
  52  4:46  Queen  
  54  4:53  Overlord  
  54  4:55  Queen  
  56  5:00  Drone x3  
  56  5:01  Drone  
  56  5:06  Zergling x8  
  64  5:15  Drone  
  64  5:16  Drone x2  
  64  5:19  Zergling x10  
  72  5:22  Zergling x4  
  73  5:45  Nydus Network, Zergling x2  
  73  5:46  Overlord x2  
  73  5:47  Overlord  
  73  5:56  Overlord  
  73  5:59  Overseer  
  73  6:01  Overlord x2  
  73  6:04  Queen x3  
  78  6:15  Zergling x18  
  83  6:22  Zergling x6  
  83  6:23  Nydus Canal  
  84  6:26  Zergling x2  
  84  6:27  Zergling x2  
  84  6:32  Zergling x2  
  81  6:36  Nydus Canal  
  81  6:37  Zergling x4  
  81  6:39  Queen x3  
  82  6:47  Zergling x16  
  89  6:50  Nydus Canal  
  94  7:02  Zergling x4  
  94  7:03  Zergling x2  
  94  7:04  Nydus Canal  
  94  7:07  Zergling x6  
  98  7:15  Queen  
  92  7:22  Zergling x6  
  92  7:29  Zergling x6  
  91  7:30  Nydus Canal  
  88  7:40  Zergling x4  
  88  7:41  Zergling x2  
  88  7:43  Queen x2  
  94  7:44  Nydus Canal  
  94  7:46  Zergling x4  
  94  7:47  Zergling x2  
  94  7:50  Overlord x2  
  95  7:55  Zergling x14  
  99  7:59  Nydus Canal  
  99  8:05  Zergling x4  
  96  8:09  Hatchery  
  96  8:11  Zergling x2  
  94  8:14  Extractor  
  94  8:15  Hydralisk Den, Drone  
  94  8:16  Drone x2, Extractor  
  84  8:28  Nydus Canal  
  84  8:32  Drone x3  
  84  8:33  Drone x3  
  84  8:34  Drone x2  
  84  8:35  Extractor  
  84  8:37  Baneling Nest  
  80  8:48  Zergling x12  
  83  8:57  Grooved Spines, Extractor  
  83  9:00  Overlord  
  79  9:07  Zergling x2, Extractor  
  79  9:08  Zergling x14  
  85  9:18  Hydralisk  
  85  9:20  Hydralisk  
  89  9:28  Drone x2  
  91  9:31  Drone x2  
  91  9:32  Drone  
  91  9:33  Drone x4  
  89  9:46  Hydralisk x5  
  89  9:49  Hydralisk  
  96  9:57  Hydralisk x2  
  100  10:01  Zergling x10  
  100  10:02  Zergling x6  
  100  10:05  Hydralisk x2  
  108  10:09  Hydralisk x2  
  108  10:11  Zergling x6  
  115  10:16  Zergling x4  
  116  10:22  Baneling x8  
  116  10:29  Zergling x12  
  116  10:35  Zergling x8  
  118  10:37  Overlord  
Tags
 
Add a new tag
Caveats
  • Supply blocks, unpowered buildings, or Contaminate may cause inaccurate times.
  • Supply counts are checked every 10 seconds.